 Dungeon Crawl Stone Soup version 0.24.1 (webtiles) character file.

Game seed: 2700150227769667367, levelgen mode: deterministic

23906 platypus75 the Severer (level 13, -26/113 HPs)
             Began as a Hill Orc Fighter on Mar 25, 2020.
             Was a High Priest of Makhleb.
             Killed by the air
             ... invoked by Gastronok
              (31 damage)
             ... on level 2 of the Lair of Beasts on Mar 26, 2020.
             The game lasted 00:48:44 (10450 turns).

platypus75 the Severer (Hill Orc Fighter)          Turns: 10450, Time: 00:48:44

Health: -26/113    AC: 19    Str: 32    XL:     13   Next: 9%
Magic:  14/14      EV:  8    Int:  8    God:    Makhleb [*****.]
Gold:   1033       SH: 12    Dex: 10    Spells: 12/12 levels left

rFire    + + .     SeeInvis .   a - +2 war axe (elec)
rCold    + . .     Gourm    .   c - +0 shield
rNeg     . . .     Faith    .   d - +0 plate armour
rPois    .         Spirit   .   (no helmet)
rElec    .         Reflect  .   O - scarf {rC+ rF+}
rCorr    .         Harm     .   H - +1 pair of gloves
MR       .....                  n - +1 pair of boots
Stlth    ..........             i - amulet of regeneration
HPRegen  0.68/turn              s - +3 ring of strength
MPRegen  0.14/turn              t - ring "Wokoos" {rF+ Stlth+}

@: mighty, slowed, very slow
A: no striking features
a: Minor Destruction, Lesser Servant of Makhleb, Major Destruction, Greater
Servant of Makhleb, Renounce Religion


You were on level 2 of the Lair of Beasts.
You worshipped Makhleb.
Makhleb was extremely pleased with you.
You were not hungry.

You visited 3 branches of the dungeon, and saw 15 of its levels.
You also visited: Bailey.

You collected 1033 gold pieces.

Inventory:

Hand Weapons
 a - a +2 war axe of electrocution (weapon)
 b - the +2 shortbow of Qeycylar {speed, rPois}
   (You found it on level 6 of the Dungeon)

   Attacks with this weapon are significantly faster.
   It protects you from poison.
 k - a +1 scimitar of flaming
 w - a +2 flail of protection
 A - a +1 war axe
Armour
 c - a +0 shield (worn)
 d - a +0 plate armour (worn)
 n - a +1 pair of boots (worn)
 H - a +1 pair of gloves (worn)
 O - a scarf of resistance (worn)
Magical Staves
 B - an uncursed staff of wizardry
 I - an uncursed staff of fire {unknown}
Jewellery
 g - an uncursed ring of wizardry
 i - an amulet of regeneration (around neck)
 s - a +3 ring of strength (left hand)
 t - the ring "Wokoos" (right hand) {rF+ Stlth+}
   (You found it on level 10 of the Dungeon)

   [ring of protection from fire]

   It protects you from fire.
   It makes you more stealthy.
 u - an uncursed ring of positive energy
 N - an uncursed ring of wizardry
 R - an uncursed ring of magical power {unknown}
Wands
 j - a wand of polymorph (14)
 o - a wand of clouds (3)
 q - a wand of flame (25)
 r - a wand of paralysis (14)
 F - a wand of digging (5)
 M - a wand of random effects (26)
Scrolls
 e - 2 scrolls of blinking
 l - 6 scrolls of identify
 m - 10 scrolls of remove curse
 p - 2 scrolls of amnesia
 y - 2 scrolls of magic mapping
 z - 2 scrolls of teleportation
 Q - a scroll of fog
 S - a scroll of fear
Potions
 h - 2 potions of ambrosia
 x - 3 potions of curing
 G - a potion of flight
 J - 2 potions of brilliance
 K - a potion of might
 L - 2 potions of haste
 P - 2 potions of mutation {unknown}
Miscellaneous
 v - a box of beasts
 C - a crystal ball of energy
 D - a fan of gales
 E - a phial of floods
Comestibles
 f - 15 rations


   Skills:
 - Level 9.9 Fighting
 + Level 11.8 Long Blades
 - Level 15.9 Axes
 - Level 9.4 Armour
 - Level 3.1 Dodging
 - Level 0.5 Stealth
 - Level 8.3 Shields
 - Level 1.3 Invocations
 - Level 0.2 Evocations


You had 12 spell levels left.
You didn't know any spells.
Your spell library contained the following spells:

 Spells                   Type           Power        Failure   Level  Hunger
 Animate Skeleton         Necr           N/A          100%        1    ##.....
 Apportation              Tloc           #.....       100%        1    ##.....
 Confusing Touch          Hex            #.....       100%        1    ##.....
 Corona                   Hex            #......      100%        1    ##.....
 Magic Dart               Conj           #...         100%        1    ##.....
 Summon Small Mammal      Summ           #...         100%        1    ##.....
 Searing Ray              Conj           #.....       100%        2    ###....
 Slow                     Hex            #.......     100%        2    ###....
 Dazzling Spray           Conj/Hex       #.....       100%        3    ####...
 Inner Flame              Hex/Fire       #.......     100%        3    ####...
 Portal Projectile        Hex/Tloc       #.....       100%        3    ####...
 Cause Fear               Hex            #.........   100%        4    #####..
 Force Lance              Conj/Tloc      #.......     100%        4    #####..
 Fulminant Prism          Conj/Hex       #.........   100%        4    #####..
 Iskenderun's Mystic Bla  Conj           #.......     100%        4    #####..
 Leda's Liquefaction      Hex/Erth       #.........   100%        4    #####..


Dungeon Overview and Level Annotations

Branches:
Dungeon (12/15)            Temple (1/1) D:5            Lair (2/6) D:10
    Orc (0/2) D:10         Bailey (visited)
  Swamp: Lair:2-4    Shoals: Lair:2-4     Snake: Lair:2-4    Spider: Lair:2-4

Altars:
Ashenzari
Cheibriados
Dithmenos
Elyvilon
Fedhas
Gozag
Hepliaklqana
Kikubaaqudgha
Makhleb
Nemelex Xobeh
Okawaru
Qazlal
Ru
Sif Muna
Trog
Uskayaw
Vehumet
Wu Jian
Xom
Yredelemnul
Zin
The Shining One

Shops:
D:8 [   D:9 (   D:12 %

Annotations:
Lair:1 3 runed translucent doors, Keadol's ghost, journeyman DrCj
Lair:2 Gastronok


Message History

You slash Gastronok! Lightning courses through Gastronok!
Gastronok is moderately wounded.
You hit the river rat but do no damage. The river rat bites you.
Gastronok waves his eye-stalks in wide circles.
The air twists around and strikes you!!
* * * LOW HITPOINT WARNING * * *
You feel very mighty all of a sudden. The river rat bites you.
* * * LOW HITPOINT WARNING * * *
The river rat misses you.
Unknown command.
You slash Gastronok!
Gastronok is moderately wounded.
You closely miss the river rat. Gastronok bites you!!
* * * LOW HITPOINT WARNING * * *
The river rat bites you but does no damage.
Unknown command.
Gastronok waves his eye-stalks in wide circles.
The air twists around and strikes you!!
You die...

### ### #### #####.###.########
##.#.#######r##...#..#.##...###
............wr@................
.......##...###†...............
..........##.##................
.............##....†######.#...
.......##Y.Y.)#.....# ###...
...[..Y.#YY.........# .....
#......#.....##.....# ##...
#.....Y##....#......# #...


...YYwY ......#.....P #.###... You could see Gastronok, a river rat and a
quokka.

Vanquished Creatures
  2 hydras
  A centaur warrior (D:10)
  An unseen horror (D:10)
  Pikel (D:5)
  An ugly thing (D:10)
  Joseph (Lair:1)
  An elephant (D:10)
  An efreet (D:10)
  3 komodo dragons
  2 trolls
  8 blink frogs (Lair:2)
  8 hippogriffs
  A wyvern (D:11)
  2 basilisks (D:10)
  37 yaks
  2 porcupines (Lair:2)
  4 water moccasins
  2 ice beasts
  12 orc warriors
  4 sky beasts
  2 black bears
  An eye of draining (D:11)
  7 ogres
  2 necrophages
  A phantom (D:4)
  4 centaurs
  4 crocodiles
  Blork the orc (D:4)
  12 bullfrogs
  2 big kobolds
  8 gnoll sergeants (Bailey)
  3 wyvern zombies
  2 scorpions
  4 killer bees (D:10)
  14 wights
  2 vampire bats (D:2)
  2 howler monkeys
  An electric eel (Lair:1)
  7 crimson imps
  A quasit (D:11)
  A jelly (D:9)
  15 orc wizards
  9 orc priests
  6 gnoll shamans (Bailey)
  10 hounds
  2 bullfrog skeletons
  6 centaur skeletons
  4 iguanas
  8 worker ants
  A hound zombie (D:6)
  2 hound skeletons
  A worker ant zombie (D:9)
  14 gnolls (Bailey)
  12 adders
  2 shadow imps
  An ooze (D:4)
  An adder zombie (D:9)
  4 worms
  4 leopard geckos
  42 orcs
  2 bat skeletons (D:2)
  3 bat zombies (D:2)
  4 giant cockroaches
  3 goblins (D:1)
  5 hobgoblins
  12 jackals
  4 quokkas
  A ball python (D:4)
  10 bats
  5 frilled lizards
  14 kobolds
  8 rats
  2 fungi (Lair:2)
392 creatures vanquished.

Vanquished Creatures (collateral kills)
  A wyvern (D:10)
  An orc warrior (D:10)
  A kobold (D:10)
3 creatures vanquished.

Vanquished Creatures (others)
  3 jackals (D:5)
  5 fungi
  3 plants (Lair:2)
11 creatures vanquished.

Grand Total: 406 creatures vanquished

Notes
Turn   | Place    | Note
-------+----------+-------------------------------------------
     0 | D:1      | platypus75 the Hill Orc Fighter began the quest for the
                  | Orb.
     0 | D:1      | Reached XP level 1. HP: 19/19 MP: 1/1
    11 | D:1      | Noticed an electric eel
    88 | D:1      | Reached XP level 2. HP: 21/27 MP: 2/2
   103 | D:1      | Reached skill level 3 in Axes
   374 | D:1      | Reached XP level 3. HP: 30/33 MP: 3/3
   856 | D:2      | Found an ancient bone altar of Kikubaaqudgha.
   857 | D:2      | Reached XP level 4. HP: 40/40 MP: 4/4
   880 | D:2      | Reached skill level 4 in Axes
   881 | D:2      | Reached skill level 1 in Dodging
   881 | D:2      | Reached XP level 5. HP: 37/47 MP: 5/5
  1421 | D:3      | Reached skill level 5 in Axes
  1433 | D:3      | Reached XP level 6. HP: 45/53 MP: 6/6
  1839 | D:4      | Noticed Blork the orc
  1847 | D:4      | Killed Blork the orc
  1847 | D:4      | Reached skill level 6 in Axes
  1970 | D:4      | Reached XP level 7. HP: 50/60 MP: 7/7
  2068 | D:4      | Reached skill level 5 in Fighting
  2292 | D:4      | Reached skill level 7 in Axes
  2529 | D:5      | Entered Level 5 of the Dungeon
  2600 | D:5      | Found a staircase to the Ecumenical Temple.
  2637 | D:5      | Noticed Pikel
  2661 | D:5      | Killed Pikel
  2661 | D:5      | Reached skill level 8 in Axes
  2661 | D:5      | Reached skill level 5 in Armour
  2661 | D:5      | Reached skill level 5 in Shields
  2661 | D:5      | Reached XP level 8. HP: 69/69 MP: 8/8
  2724 | Temple   | Entered the Ecumenical Temple
  2774 | Temple   | Became a worshipper of Makhleb the Destroyer
  2820 | D:5      | Found a shimmering blue altar of Sif Muna.
  3128 | D:5      | Found a burning altar of Makhleb.
  3402 | D:6      | Reached skill level 9 in Axes
  3511 | D:6      | Reached XP level 9. HP: 71/75 MP: 9/9
  3530 | D:6      | Got a warped shortbow
  3531 | D:6      | Identified the +2 shortbow of Qeycylar {speed, rPois} (You
                  | found it on level 6 of the Dungeon)
  3636 | D:6      | Found a bloodstained altar of Trog.
  3696 | D:6      | Reached * piety under Makhleb
  3848 | D:6      | Reached skill level 10 in Axes
  4373 | D:7      | Found an opulent altar of Gozag.
  4400 | D:7      | Reached skill level 11 in Axes
  4775 | D:8      | Found a hide-covered altar of Uskayaw.
  4775 | D:8      | Noticed a +0 dagger
  4775 | D:8      | Noticed a +0 hand axe
  4815 | D:8      | Found a stormy altar of Qazlal.
  4882 | D:8      | Found Zuthoqux's Armour Emporium.
  4939 | D:8      | Reached skill level 12 in Axes
  4944 | D:8      | Reached XP level 10. HP: 84/86 MP: 10/10
  4945 | D:8      | Reached ** piety under Makhleb
  5636 | D:9      | Found Diutedye's Weapon Shoppe.
  5790 | D:9      | Reached skill level 13 in Axes
  6131 | D:9      | Reached *** piety under Makhleb
  6292 | D:9      | Found a white marble altar of Elyvilon.
  6575 | D:10     | Entered Level 10 of the Dungeon
  6575 | D:10     | Found a staircase to the Orcish Mines.
  6592 | D:10     | Reached skill level 1 in Invocations
  6641 | D:10     | Reached skill level 14 in Axes
  6667 | D:10     | Noticed a centaur warrior
  6676 | D:10     | Killed an unseen horror
  6677 | D:10     | Reached XP level 11. HP: 95/95 MP: 11/11
  6694 | D:10     | Killed a centaur warrior
  6717 | D:10     | Got a crude tin ring
  6769 | D:10     | Identified the ring "Wokoos" {rF+ Stlth+} (You found it on
                  | level 10 of the Dungeon)
  6900 | D:10     | Reached skill level 15 in Axes
  6901 | D:10     | Found a flagged portal.
  6903 | D:10     | Noticed a purple ugly thing
  6909 | D:10     | Killed a purple ugly thing
  6916 | Bailey   | Entered a bailey
  7083 | Bailey   | Reached **** piety under Makhleb
  7378 | D:10     | Found a staircase to the Lair.
  7600 | Lair:1   | Entered Level 1 of the Lair of Beasts
  7600 | Lair:1   | Found a runed translucent gate.
  7608 | Lair:1   | Found a runed translucent gate.
  7608 | Lair:1   | Found a runed translucent gate.
  7617 | Lair:1   | Noticed Keadol's ghost (journeyman DrCj)
  7619 | Lair:1   | Noticed Joseph
  7627 | Lair:1   | Paralysed by Joseph for 4 turns
  7634 | Lair:1   | Killed Joseph
  7743 | Lair:1   | Noticed a four-headed hydra
  8048 | D:11     | Reached skill level 1 in Long Blades
  8098 | D:11     | Reached XP level 12. HP: 106/106 MP: 13/13
  8631 | D:12     | Reached skill level 5 in Long Blades
  8667 | D:12     | Reached ***** piety under Makhleb
  8818 | D:12     | Found Joaxiamm's Food Shoppe.
  9222 | Lair:1   | Killed a one-headed hydra
  9707 | Lair:2   | Noticed an eight-headed hydra
  9717 | Lair:2   | Killed a three-headed hydra
  9954 | Lair:2   | Reached skill level 10 in Long Blades
 10372 | Lair:2   | Noticed Gastronok
 10399 | Lair:2   | Reached XP level 13. HP: 113/113 MP: 14/14
 10449 | Lair:2   | HP: 4/113 [Gastronok (28)]
 10450 | Lair:2   | Killed from afar by Gastronok

Levels and vault maps discovered:
D:1:      arrival_aquarium_a, layout_loops_cross, chequers_mini_garden,
          minmay_heptomino_l4
D:2:      layout_basic, kennysheep_vampire_church, first_ration
D:3:      layout_rooms
D:4:      kennysheep_six_static_rooms, layout_basic, uniq_blork_the_orc
D:5:      layout_loops_ring, led_sif_book, minmay_temple_entry_junction,
          basic_altar, uniq_pikel
D:6:      layout_gridville, kennysheep_mini
D:7:      layout_cave_pools, grunt_gozag_statues
D:8:      layout_cave_pods, lemuel_crystal_altar, dancing_weapons_uskayaw,
          serial_shops, nicolae_shop_crystal
D:9:      layout_layer_cave, elyvilon_altar_1, serial_shops, shop,
          serial_undead, serial_undead_a, serial_undead_b, serial_undead_d,
          serial_undead_e
D:10:     minmay_the_grid_triangle_9x9_recursive_2
          [minmay_the_grid_triangle_9x9_prize_top_heavy,
          minmay_the_grid_triangle_9x9_cache,
          minmay_the_grid_triangle_9x9_swiss_cheese,
          minmay_the_grid_triangle_9x9_corruption], layout_rooms,
          david_lair_generic, orc_0_dummy, enter_bailey_2, minivault_11
D:11:     layout_roguey
D:12:     layout_roguey [special_room_orc], serial_shops, shop
Temple:   eino_wide_crystal_templ
Lair:1:   layout_chaotic_city, gammafunk_ghost_split,
          nicolae_quartered_pool_super, minivault_27, lemuel_old_faithful,
          uniq_joseph
Lair:2:   layout_regular_city, infiniplex_staircase_pool, serial_bayou_shore_b,
          grunt_megastairs_3, serial_bayou_shore_a, uniq_gastronok

Skill      XL: |  1  2  3  4  5  6  7  8  9 10 11 12 |
---------------+-------------------------------------+-----
Axes           | 3 4 5 6 8 9 12 14 15 | 15.9
Fighting       | 4 5 6 7 8 9 |  9.9
Dodging        | 1 2 3 |  3.1
Shields        | 4 5 6 7 8 |  8.3
Armour         | 4 5 6 7 9 |  9.4
Invocations    | 1 |  1.3
Long Blades    | 2 11 | 11.8
Stealth        | |  0.5
Evocations     | |  0.2

Action                   |  1- 3 |  4- 6 |  7- 9 | 10-12 | 13-15 || total
-------------------------+-------+-------+-------+-------+-------++-------
Melee: War axe           |   123 |   170 |   318 |   587 |    43 ||  1241
       Scimitar          |       |       |       |   143 |       ||   143
Invok: Lesser Servant of |       |       |       |     1 |       ||     1
Evoke: Wand              |       |       |     1 |     3 |       ||     4
  Use: Potion            |     1 |       |     7 |     9 |     1 ||    18
       Scroll            |       |       |     9 |    14 |       ||    23
  Eat: Ration            |       |     1 |     2 |     5 |       ||     8
       Chunk             |       |     1 |     2 |     2 |       ||     5
Armor: Scale mail        |    88 |   102 |    27 |       |       ||   217
       Plate armour      |       |       |   139 |   442 |     9 ||   590
Dodge: Dodged            |    48 |    53 |    86 |   191 |     9 ||   387
Block: Shield            |    81 |   101 |   164 |   385 |    10 ||   741
       Rpst.: Scimitar   |       |       |       |    17 |       ||    17
